 Dungeon Crawl Stone Soup version 0.18.1-6-gd335043 (webtiles) character file.

219050 Jeelzebub the Fencer (level 18, -13/166 HPs)
             Began as a Minotaur Fighter on May 15, 2016.
             Mangled by an emperor scorpion (27 damage)
             ... on level 4 of the Spider Nest on May 16, 2016.
             The game lasted 01:49:43 (47532 turns).

Jeelzebub the Fencer (Minotaur Fighter)            Turns: 47532, Time: 01:49:43

Health: -13/166    AC: 21    Str: 20      XL:     18   Next: 43%
Magic:  1/24       EV: 19    Int:  6 (7)  God:
Gold:   1715       SH:  9    Dex: 17      Spells: 1 memorised, 11 levels left

rFire  + + .     SeeInvis .     a - +7 long sword of the Thirteen Tales {venom, rC+++}
rCold  + + +     Gourm    .     h - +3 chain mail {rC+}
rNeg   . . .     Faith    .     M - +0 buckler
rPois  +         Spirit   .     x - +0 hat
rElec  +         Dismiss  .     U - +2 cloak {rPois}
rCorr  .         Reflect  +     n - +0 pair of gloves of Keemajo {rElec rF++ Stlth-} (curse)
SustAt .         Harm     .     y - +0 pair of boots {Stlth+}
MR     ++...     Clarity  +     v - +3 amulet of reflection
Stlth  ..........               E - ring of protection from magic {MR+, !d}
                                N - +4 ring of evasion

@: very resistant to hostile enchantments, extremely unstealthy
A: retaliatory headbutt, horns 2, talons 1, clarity
a: no special abilities
}: 1/15 runes: decaying


You were on level 4 of the Spider Nest.
You were not hungry.

You visited 5 branches of the dungeon, and saw 33 of its levels.
You also visited: Ice Cave.

You collected 3485 gold pieces.
You spent 1770 gold pieces at shops.

Inventory:

Hand Weapons
 a - the +7 long sword of the Thirteen Tales (weapon) {venom, rC+++}
   (You bought it in a shop on level 4 of the Dungeon)

   It poisons the flesh of those it strikes.
   It renders you almost immune to cold.
 b - the +5 flail of Overwhelming Force {antimagic, rElec rF++}
   (You found it on level 5 of the Dungeon)

   It disrupts the flow of magical energy around spellcasters and certain
   magical creatures (including the wielder).
   It greatly protects you from fire.
   It insulates you from electricity.
 c - the +8 mace of Brutal Revenge {drain, Dex+3}
   (You bought it in a shop on level 10 of the Dungeon)

   A truly terrible weapon, it drains the life of those it strikes.
   It affects your dexterity (+3).
Missiles
 T - 3 throwing nets {=f, !d}
Armour
 h - a +3 chain mail of cold resistance (worn)
   (You took it off Urug on level 4 of the Lair of Beasts)
 n - the cursed +0 pair of gloves of Keemajo (worn) {rElec rF++ Stlth-}
   (You bought it in a shop on level 2 of the Orcish Mines)

   It greatly protects you from fire.
   It insulates you from electricity.
   It makes you less stealthy.
   It has a curse placed upon it.
 x - a +0 hat (worn)
   (You found it on level 6 of the Dungeon)
 y - a +0 pair of boots of stealth (worn)
   (You bought it in a shop on level 8 of the Dungeon)
 M - a +0 buckler (worn)
   (You found it on level 8 of the Dungeon)
 U - a +2 cloak of poison resistance (worn)
   (You bought it in a shop on level 2 of the Orcish Mines)
Magical Staves
 m - an uncursed staff of cold {unknown}
   (You found it on level 3 of the Spider Nest)
Rods
 I - a +8 rod of inaccuracy (17/17) {!a}
   (You found it on level 8 of the Dungeon)
Jewellery
 v - a +3 amulet of reflection (around neck)
   (You found it on level 9 of the Dungeon)
 E - a ring of protection from magic (right hand) {MR+, !d}
   (You found it on level 14 of the Dungeon)
 N - a +4 ring of evasion (left hand)
   (You found it on level 9 of the Dungeon)
 W - an uncursed ring of positive energy {rN+}
   (You found it on level 11 of the Dungeon)
Wands
 j - a wand of confusion (29/48)
   (You found it on level 1 of the Swamp)
 s - a wand of teleportation (1/9)
   (You found it on level 5 of the Lair of Beasts)
 u - a wand of lightning (1/15)
   (You found it on level 8 of the Lair of Beasts)
 z - a wand of paralysis (14/24)
   (You found it on level 4 of the Dungeon)
 J - a wand of lightning (9/15)
   (You found it on level 3 of the Spider Nest)
 X - a wand of slowing (22/48)
   (You found it on level 9 of the Dungeon)
Scrolls
 e - 11 scrolls of remove curse
 i - 17 scrolls of identify
 k - 2 scrolls of immolation {!r}
 o - 5 scrolls of magic mapping {!r}
 p - 6 scrolls of teleportation
 r - a scroll of recharging
 w - 5 scrolls of fog
 G - a scroll of enchant armour
Potions
 d - 2 potions of might
 l - 4 potions of cancellation
 t - a potion of resistance
 B - 5 potions of agility
 D - 5 potions of curing (quivered)
 F - a potion of invisibility
 K - 2 potions of flight
 L - a potion of magic
 S - 6 potions of haste
Miscellaneous
 q - a lamp of fire (inert)
   (You found it on level 2 of the Spider Nest)
 A - a disc of storms
   (You found it on level 14 of the Dungeon)
 Q - a stone of tremors (inert)
   (You found it on level 9 of the Dungeon)
 R - a fan of gales (inert)
   (You found it on level 15 of the Dungeon)
 Y - a phial of floods
   (You found it on level 7 of the Lair of Beasts)
Comestibles
 f - 15 bread rations {@e1}


   Skills:
 + Level 15.8 Fighting
 + Level 17.9 Long Blades
 - Level 16.0(16.3) Maces & Flails
 - Level 6.1(12.2) Staves
 - Level 11.2 Armour
 - Level 12.4 Dodging
 - Level 8.7 Shields
 - Level 14.3 Ice Magic
 - Level 10.0 Evocations


You had 11 spell levels left.
You knew the following spells:

 Your Spells              Type           Power        Failure   Level  Hunger
a - Freezing Cloud        Conj/Ice/Air   #.........   100%        6    #######


Dungeon Overview and Level Annotations

Branches:
Dungeon (15/15)            Temple (0/1) D:5            Lair (8/8) D:9
  Swamp (4/4) Lair:3       Spider (4/4) Lair:5        Slime (0/6) Lair:8
    Orc (2/2) D:12            Elf (0/3) Orc:2        Vaults (0/5) D:14
 Depths (0/5) D:15

Altars:
Dithmenos
Kikubaaqudgha
Makhleb
Nemelex Xobeh
Okawaru
Ru
Yredelemnul
The Shining One
Jiyva

Shops:
D:4 *   D:8 [   D:10 %((?   D:12 (   D:13 :   Orc:2 ***[


Innate Abilities, Weirdness & Mutations

You reflexively headbutt those who attack you in melee.
You have a pair of horns on your head.
You have sharp toenails.
You possess an exceptional clarity of mind.


Message History

You take 5 damage, and have 21/166 hp.
You now have 0/24 mp.
Quiver which item? (- for none, * to show all) (? for menu, Esc to quit)
Quivering
D - 7 potions of curing for throwing.
Drink which item? (? for menu, Esc to quit)
You feel better.
You are engulfed in roaring flames.
You resist.
* * * LOW HITPOINT WARNING * * *
The wolf spider is engulfed in roaring flames.
The wolf spider barely misses you. You furiously retaliate!
You headbutt the wolf spider. The wolf spider misses you.
The emperor scorpion stings you but does no damage.
The emperor scorpion claws you.
* * * LOW HITPOINT WARNING * * *
The emperor scorpion closely misses you.
Something hits you!
* * * LOW HITPOINT WARNING * * *
You feel dopey. Something completely misses you.
Something stings you but does no damage.
The orb spider is engulfed in roaring flames.
The orb spider explodes!
The wolf spider is engulfed in roaring flames. x2
You block the wolf spider's attack. The wolf spider completely misses you.
The emperor scorpion is engulfed in roaring flames.
A wolf spider comes into view.
You take 9 damage, and have 12/166 hp.
Unknown command.
Drink which item? (? for menu, Esc to quit)
Okay, then.
You are engulfed in roaring flames.
You resist.
* * * LOW HITPOINT WARNING * * *
The wolf spider is engulfed in roaring flames.
You kill the wolf spider!
The jumping spider completely misses you.
You furiously retaliate!
You headbutt the jumping spider. The jumping spider misses you.
You feel you are being watched by something.
The emperor scorpion is engulfed in roaring flames.
The wolf spider is engulfed in roaring flames.
The wolf spider hits you but does no damage.
The wolf spider bites you but does no damage.
The hornet is engulfed in roaring flames.
The jumping spider leaps!
Something hits you but does no damage. Something barely misses you.
Something closely misses you.
You take 5 damage, and have 7/166 hp.
The wolf spider is engulfed in roaring flames.
You kill the wolf spider!
The emperor scorpion is engulfed in roaring flames.
The hornet is engulfed in roaring flames.
The jumping spider leaps!
The emperor scorpion tears through a web.
Drink which item? (? for menu, Esc to quit)
You feel better.
The hornet is engulfed in roaring flames.
You kill the hornet!
The jumping spider leaps!
The redback misses you.
The moth of wrath goads the emperor scorpion on!
The emperor scorpion goes berserk!
The emperor scorpion is engulfed in roaring flames.
The emperor scorpion closely misses you.
You block the emperor scorpion's attack.
The emperor scorpion closely misses you.
Something hits you.
* * * LOW HITPOINT WARNING * * *
Something barely misses you.
Something stings you but does no damage.
The wolf spider is engulfed in roaring flames.
The redback completely misses you.
The emperor scorpion tears through a web.
You regained 6 hp, and now have 13/166 hp.
Unknown command.
Read which item? (? for menu, Esc to quit)
Okay, then.
A fierce wind blows from the fan.
The monsters around you are blown away!
The winds coalesce and take form.
The emperor scorpion completely misses you.
You block the emperor scorpion's attack.
The emperor scorpion claws you but does no damage.
The redback is engulfed in roaring flames.
Aim: an emperor scorpion (severely wounded, berserk, fast, unusually strong, inner flame)
You reflect the emperor scorpion with the mirror, and the mirror shatters!
Your air elemental is engulfed in roaring flames.
The wolf spider is engulfed in roaring flames.
The redback is engulfed in roaring flames.
Your emperor scorpion stings the tarantella!
The tarantella explodes!
The fiery explosion engulfs your emperor scorpion.
The fiery explosion engulfs the emperor scorpion.
You feel your dexterity returning.
The emperor scorpion completely misses you.
You furiously retaliate!
You headbutt the emperor scorpion, but do no damage.
The emperor scorpion closely misses you.
The emperor scorpion claws you but does no damage.
The emperor scorpion is engulfed in roaring flames.
Reactivating autopickup.
You feel a bit more experienced.
Your air elemental is engulfed in roaring flames.
The wolf spider is engulfed in roaring flames.
The emperor scorpion stings you!!
You die...

......,,**,,,,,,,,,,,,,,,.,*
..^≈,,,,,*,,,,,,,,,,,,,,^^,***
..########*,,,,,,,,,,,,...,,,***
........^########,,,≈§.§^.,,≈,,**
^....^....≈≈^^.%#####§^s..,,,,,,*
..^.§.....#†...§§§§§.§##..,,,,,,,
......^.........§§§§E§§...§,,,,,,
....^^^...#..%..s.s§§§....,,,,,,,
...^..^..^^.%%..@.s.§§....,,,,,,,
..########^^..s§ss.ss§....,,,,,,,
....,,,,*###.≈%§§§##..y...,,,,,,,
....,,,**,≈###%§§##,s##...,,,,,,,
,...,,**,,,,,#####≈,..,^..,,,,,,,
,,,,,,*,,,,,≈,,,,,,,..^,..,,,,,,*
,,,,,**,,,,,,,,,,,,,,,^.,,,,,,,**
,,,,,*,,,,,,,,,,,,,,,,,,,,,,,***
,≈,,,*,,,,,,,,,,,,,,,,,,,,****


You could see 3 emperor scorpions, a wolf spider, a moth of wrath, 2 jumping
spiders, a tarantella, 2 redbacks and a friendly air elemental.

Vanquished Creatures
  Arachne (Spider:1)
  Jorgrun (Swamp:3)
  5 thorn hunters
  A fire giant (D:15)
  3 ghost moths
  The ghost of CosmicAfro the Eclecticist, an adept DEFE of Vehumet (Swamp:3)
  Aizul (Swamp:1)
  The ghost of coolio the Basher, a journeyman OgSk of Ashenzari (Lair:8)
  A very ugly thing (Swamp:2)
  The ghost of danielguo94 the Severer, a journeyman MiBe of Trog (Lair:7)
  A spark wasp (Spider:4)
  3 fire dragons
  Harold (Lair:4)
  2 entropy weavers
  The ghost of rchandra the Cleaver, a journeyman CeNe of Kikubaaqudgha (Lair:2)
  17 hydras
  2 ghost crabs
  2 ogre magi
  A death knight (D:11)
  2 centaur warriors
  16 alligators
  27 death yaks
  An orc high priest (Orc:2)
  Urug (Lair:4)
  Nergalle (Lair:4)
  6 spriggans
  A fire crab (Swamp:4)
  7 swamp dragons
  2 unseen horrors
  An obsidian statue (D:9)
  6 hill giants
  3 shambling mangroves
  The ghost of SomeoneAwful the Basher, a novice OgHu of Okawaru (D:6)
  2 orc knights (Orc:2)
  A lindwurm (Swamp:4)
  2 necromancers
  A wolf spider zombie (D:14)
  A deep elf mage (D:14)
  8 ugly things
  17 orb spiders
  2 wizards
  15 wolf spiders
  A manticore (D:11)
  3 griffons
  4 orc sorcerers
  8 hornets
  2 centaur zombies
  2 cyclopes
  A moth of wrath (Spider:2)
  10 elephants
  2 oklob plants
  4 black mambas
  Joseph (Lair:1)
  2 gargoyles (D:14)
  An ice statue (IceCv)
  24 spiny frogs
  5 torpor snails
  13 komodo dragons
  11 freezing wraiths
  A kobold demonologist (D:15)
  3 rime drakes
  15 demonic crawlers
  A redback zombie (D:14)
  7 giant leeches
  2 queen bees
  7 trolls
  27 jumping spiders
  5 two-headed ogres
  A polar bear (Lair:5)
  17 slime creatures
  45 blink frogs
  3 boulder beetles
  7 bog bodies
  61 redbacks
  A spriggan (shapeshifter) (D:14)
  A shadow (D:15)
  3 water elementals (D:14)
  4 wyverns
  A vampire (D:13)
  Eustachio (D:6)
  7 wraiths
  79 yaks
  20 tarantellas
  7 fire bats (Swamp:4)
  The ghost of kagredon the Shield-Bearer, an amateur DgFi (D:11)
  7 basilisks
  11 hippogriffs
  2 hungry ghosts
  A steam dragon (Swamp:4)
  18 vampire mosquitoes
  27 swamp worms
  3 death yak simulacra (IceCv)
  3 mottled dragons
  A soldier ant (D:14)
  12 insubstantial wisps
  2 wargs (Orc:1)
  22 water moccasins
  12 porcupines
  42 orc warriors
  20 swamp drakes
  2 phantoms
  6 sky beasts
  12 ice beasts
  13 wasps
  21 ogres
  2 necrophages
  An alligator simulacrum (IceCv)
  4 black bears
  10 wolves
  An eye of draining (D:13)
  12 centaurs
  24 crocodiles
  4 big kobolds
  2 elf zombies (D:11)
  29 giant frogs
  A wyvern zombie (D:15)
  A wyvern skeleton (D:7)
  3 scorpions
  46 killer bees
  3 wights (D:10)
  7 electric eels
  4 howler monkeys
  8 crimson imps
  3 giant frog zombies
  2 draconian simulacra (IceCv)
  A quasit (D:10)
  7 hounds
  Crazy Yiuf (D:3)
  2 human zombies (D:11)
  2 centaur skeletons
  22 orc priests
  4 giant frog skeletons
  4 jellies
  2 hell rats (Lair:2)
  2 human skeletons (D:11)
  14 iguanas
  22 orc wizards
  5 troll simulacra (IceCv)
  2 spriggan simulacra (IceCv)
  11 worker ants
  28 sheep
  3 centaur simulacra (IceCv)
  A hound skeleton (D:4)
  2 mummies (D:11)
  8 adders
  40 river rats
  5 naga simulacra (IceCv)
  3 ogre simulacra (IceCv)
  4 shadow imps
  12 white imps (IceCv)
  An ooze (D:1)
  2 adder zombies
  3 worms
  7 giant geckos
  86 orcs
  8 giant cockroaches
  8 goblins
  14 hobgoblins
  5 jackals
  24 kobolds
  5 quokkas
  6 bats
  9 giant newts
  A jackal skeleton (D:4)
  An orc zombie (D:11)
  2 quokka skeletons
  7 rats
  4 briar patches
  3 fungi
  A plant (Lair:8)
1399 creatures vanquished.

Vanquished Creatures (collateral kills)
  Louise (D:15)
  An entropy weaver (Spider:3)
  An alligator (Swamp:3)
  A skeletal warrior (D:11)
  A shambling mangrove (Swamp:1)
  A freezing wraith (D:11)
  4 slime creatures (D:15)
  A redback (Spider:3)
  A yak (Lair:7)
  A tarantella (Spider:4)
  2 swamp worms
  3 river rats (Lair:7)
18 creatures vanquished.

Vanquished Creatures (others)
  2 hydras (Swamp:4)
  A lindwurm (Swamp:4)
  A spiny frog (Swamp:4)
  A spriggan (Swamp:3)
  A vampire mosquito (Swamp:3)
  2 orc warriors (Orc:2)
  5 swamp drakes (Swamp:4)
  A centaur (Orc:2)
  6 ball lightnings (Swamp:3)
  3 orcs (Orc:2)
  3 kobolds (D:14)
  3 briar patches
  A fire vortex (Swamp:4)
  37 fungi
  30 plants
97 creatures vanquished.

Grand Total: 1514 creatures vanquished

Notes
Turn   | Place    | Note
--------------------------------------------------------------
     0 | D:1      | Jeelzebub the Minotaur Fighter began the quest for the Orb.
     0 | D:1      | Reached XP level 1. HP: 19/19 MP: 0/0
   235 | D:1      | Reached XP level 2. HP: 27/27 MP: 1/1
   260 | D:1      | Reached skill level 4 in Fighting
   653 | D:1      | Reached XP level 3. HP: 34/34 MP: 2/2
  1052 | D:2      | Reached skill level 5 in Fighting
  1513 | D:3      | Reached XP level 4. HP: 42/44 MP: 3/3
  1606 | D:3      | Found a basalt altar of Yredelemnul.
  1635 | D:3      | Reached skill level 6 in Fighting
  1671 | D:3      | Found a sacrificial altar of Ru.
  1671 | D:3      | Found an ancient bone altar of Kikubaaqudgha.
  1969 | D:3      | Noticed Crazy Yiuf
  1981 | D:3      | Killed Crazy Yiuf
  2183 | D:4      | Noticed an ogre
  2189 | D:3      | Killed an ogre
  2189 | D:3      | Reached skill level 7 in Fighting
  2189 | D:3      | Reached XP level 5. HP: 50/52 MP: 4/4
  2229 | D:4      | Reached skill level 1 in Staves
  2243 | D:4      | Reached skill level 2 in Staves
  2243 | D:4      | Reached XP level 6. HP: 57/60 MP: 5/5
  2318 | D:4      | Reached skill level 3 in Staves
  2459 | D:4      | Found an iron altar of Okawaru.
  2553 | D:4      | Reached skill level 4 in Staves
  2650 | D:4      | Reached skill level 5 in Staves
  2814 | D:4      | Reached XP level 7. HP: 49/66 MP: 6/6
  3023 | D:4      | Reached skill level 6 in Staves
  3071 | D:4      | Found Reorgh's Assorted Antiques.
  3076 | D:4      | Bought a twisted long sword for 178 gold pieces
  3076 | D:4      | Identified the +7 long sword of the Thirteen Tales {venom, rC+++} (You bought it in a shop on level 4 of the Dungeon)
  3162 | D:5      | Entered Level 5 of the Dungeon
  3197 | D:5      | Reached skill level 3 in Long Blades
  3340 | D:5      | Reached skill level 4 in Long Blades
  3344 | D:5      | Reached skill level 5 in Long Blades
  3396 | D:5      | Reached skill level 6 in Long Blades
  3396 | D:5      | Reached XP level 8. HP: 72/73 MP: 7/7
  3398 | D:5      | Reached skill level 7 in Long Blades
  3499 | D:5      | Found a staircase to the Ecumenical Temple.
  3524 | D:5      | Reached skill level 8 in Long Blades
  3940 | D:5      | Got a twisted flail
  3949 | D:5      | Identified the +5 flail of Overwhelming Force {antimagic, rElec rF++} (You found it on level 5 of the Dungeon)
  4108 | D:6      | Reached skill level 9 in Long Blades
  4120 | D:6      | Noticed SomeoneAwful's ghost (novice OgHu)
  4131 | D:6      | HP: 5/73 [SomeoneAwful's ghost (29)]
  4476 | D:6      | Noticed Eustachio
  4489 | D:6      | Killed Eustachio
  4489 | D:6      | Reached skill level 10 in Long Blades
  4683 | D:6      | Reached XP level 9. HP: 53/78 MP: 8/8
  4779 | D:6      | Reached skill level 11 in Long Blades
  5259 | D:6      | HP: 15/78 [SomeoneAwful's ghost (30)]
  5849 | D:6      | Killed SomeoneAwful's ghost
  5849 | D:6      | Reached skill level 12 in Long Blades
  6104 | D:7      | Found a sparkling altar of Nemelex Xobeh.
  6177 | D:7      | Got a translucent flail
  6581 | D:8      | Found a glowing golden altar of the Shining One.
  6594 | D:8      | Reached skill level 13 in Long Blades
  6912 | D:8      | Identified a +0 rod of inaccuracy (13/13) (You found it on level 8 of the Dungeon)
  6944 | D:8      | Identified the +6 flail "Bioh" {pain, *Drain +Blink +Rage +Inv} (You found it on level 7 of the Dungeon)
  7015 | D:8      | Found Woyvoiwk's Antique Armour Boutique.
  7018 | D:8      | Bought a pair of glowing boots for 117 gold pieces
  7352 | D:8      | Found a shadowy altar of Dithmenos.
  7497 | D:8      | Reached skill level 14 in Long Blades
  7957 | D:9      | Noticed a troll
  7960 | D:9      | Reached skill level 4 in Shields
  7960 | D:9      | Reached XP level 10. HP: 85/85 MP: 9/9
  7988 | D:9      | Reached skill level 5 in Shields
  8040 | D:9      | Reached skill level 6 in Shields
  8345 | D:9      | Reached skill level 7 in Shields
  8438 | D:9      | Found a staircase to the Lair.
  8672 | D:9      | Noticed an obsidian statue
  8813 | D:9      | Killed an obsidian statue
  8813 | D:9      | Reached skill level 8 in Shields
  8913 | D:9      | Noticed a hill giant
  8921 | D:9      | Killed a hill giant
  8921 | D:9      | Reached skill level 8 in Fighting
  8958 | D:10     | Entered Level 10 of the Dungeon
  8990 | D:10     | Reached skill level 9 in Fighting
  9054 | D:10     | Found Leymur's Magic Scroll Shoppe.
  9059 | D:10     | Bought a scroll of teleportation for 45 gold pieces
  9059 | D:10     | Bought a scroll of identify for 30 gold pieces
  9061 | D:10     | Found Etasoas's Antique Weapon Emporium.
  9072 | D:10     | Reached skill level 10 in Fighting
  9165 | D:10     | Found Vaodoj's Weapon Emporium.
  9189 | D:10     | Reached skill level 1 in Maces & Flails
  9192 | D:10     | Reached skill level 2 in Maces & Flails
  9198 | D:10     | Reached skill level 3 in Maces & Flails
  9198 | D:10     | Reached XP level 11. HP: 76/99 MP: 10/10
  9361 | D:10     | Reached skill level 4 in Maces & Flails
  9386 | D:10     | Reached skill level 5 in Maces & Flails
  9426 | D:10     | Found Urumojacev's Food Boutique.
  9718 | D:11     | Noticed a red ugly thing
  9733 | D:11     | Killed a red ugly thing
  9733 | D:11     | Reached skill level 6 in Maces & Flails
  9802 | D:11     | Reached skill level 7 in Maces & Flails
  9887 | D:11     | Noticed kagredon's ghost (amateur DgFi)
  9988 | D:11     | Noticed a hill giant
  9995 | D:11     | Killed a hill giant
  9995 | D:11     | Reached skill level 8 in Maces & Flails
 10100 | D:11     | Killed kagredon's ghost
 10100 | D:11     | Reached skill level 9 in Maces & Flails
 10449 | D:11     | Noticed a skeletal warrior
 10455 | D:11     | Noticed a death knight
 10462 | D:11     | Killed an unseen horror
 10690 | Lair:1   | Entered Level 1 of the Lair of Beasts
 10775 | Lair:1   | Reached skill level 10 in Maces & Flails
 11087 | Lair:1   | Reached skill level 11 in Maces & Flails
 11112 | Lair:1   | Noticed Joseph
 11134 | Lair:1   | Killed Joseph
 12046 | Lair:2   | Noticed a griffon
 12054 | Lair:2   | Killed a griffon
 12054 | Lair:2   | Reached skill level 12 in Maces & Flails
 12054 | Lair:2   | Reached XP level 12. HP: 96/105 MP: 11/11
 12198 | Lair:2   | Noticed rchandra's ghost (journeyman CeNe)
 12224 | Lair:2   | Killed rchandra's ghost
 12553 | Lair:2   | Reached skill level 13 in Maces & Flails
 13125 | Lair:3   | Reached skill level 14 in Maces & Flails
 13480 | Lair:3   | Noticed a death yak
 13480 | Lair:3   | Noticed a death yak
 13480 | Lair:3   | Noticed a death yak
 13480 | Lair:3   | Noticed a death yak
 13481 | Lair:3   | Noticed a death yak
 13481 | Lair:3   | Noticed a death yak
 13482 | Lair:3   | Noticed a death yak
 13503 | Lair:3   | Killed a death yak
 13503 | Lair:3   | Killed a death yak
 13518 | Lair:3   | Killed a death yak
 13518 | Lair:3   | Reached skill level 15 in Maces & Flails
 13783 | Lair:2   | Noticed a six-headed hydra
 13793 | Lair:2   | Killed a six-headed hydra
 13903 | Lair:3   | Reached skill level 4 in Armour
 13903 | Lair:3   | Reached skill level 1 in Dodging
 14043 | Lair:3   | Noticed a death yak
 14043 | Lair:3   | Noticed a death yak
 14044 | Lair:3   | Noticed a death yak
 14116 | Lair:3   | Killed a death yak
 14116 | Lair:3   | Reached skill level 2 in Dodging
 14404 | Lair:2   | Killed a death yak
 14404 | Lair:2   | Reached skill level 5 in Armour
 14573 | Lair:3   | Killed a death yak
 14573 | Lair:3   | Reached skill level 3 in Dodging
 14774 | Lair:3   | Reached XP level 13. HP: 104/114 MP: 12/12
 14874 | Lair:2   | Reached skill level 4 in Dodging
 15151 | Lair:3   | Reached skill level 5 in Dodging
 15338 | Lair:3   | Reached skill level 6 in Dodging
 15367 | Lair:2   | HP: 16/114 [death yak (21)]
 15679 | Lair:2   | Reached skill level 7 in Dodging
 15986 | Lair:3   | Found a staircase to the Swamp.
 16463 | Lair:4   | Noticed Harold
 16463 | Lair:4   | Noticed Nergalle
 16472 | Lair:4   | Killed Harold
 16472 | Lair:4   | Reached skill level 8 in Dodging
 16483 | Lair:4   | Killed Nergalle
 16643 | Lair:4   | Reached skill level 9 in Dodging
 17169 | Lair:4   | Noticed Urug
 17191 | Lair:4   | Killed Urug
 17191 | Lair:4   | Reached skill level 10 in Dodging
 17519 | Lair:4   | Reached skill level 11 in Dodging
 18163 | Lair:5   | Found a hole to the Spider Nest.
 18205 | Lair:5   | Reached skill level 12 in Dodging
 18320 | Lair:5   | Reached XP level 14. HP: 75/121 MP: 13/13
 18530 | Lair:5   | Gained mutation: You possess an exceptional clarity of mind. [potion of mutation]
 18530 | Lair:5   | Gained mutation: You have sharp toenails. [potion of mutation]
 18873 | Lair:5   | Reached skill level 6 in Armour
 19040 | Lair:6   | Reached skill level 7 in Armour
 19363 | Lair:6   | Reached skill level 8 in Armour
 19665 | Lair:6   | Reached skill level 9 in Armour
 19963 | Lair:6   | Reached skill level 10 in Armour
 20531 | Lair:7   | Reached skill level 11 in Armour
 20612 | Lair:7   | Noticed danielguo94's ghost (journeyman MiBe)
 20680 | Lair:7   | Killed danielguo94's ghost
 20680 | Lair:7   | Reached skill level 2 in Evocations
 21012 | Lair:6   | Reached skill level 3 in Evocations
 21473 | Lair:8   | Entered Level 8 of the Lair of Beasts
 21477 | Lair:8   | Reached skill level 4 in Evocations
 21836 | Lair:8   | Reached skill level 5 in Evocations
 21874 | Lair:8   | Reached skill level 6 in Evocations
 21878 | Lair:8   | Noticed coolio's ghost (journeyman OgSk)
 22548 | Lair:8   | Reached XP level 15. HP: 121/127 MP: 19/19
 22560 | Lair:8   | Killed coolio's ghost
 22560 | Lair:8   | Reached skill level 7 in Evocations
 22939 | Lair:8   | Reached skill level 8 in Evocations
 23045 | Lair:8   | Found a viscous altar of Jiyva.
 23046 | Lair:8   | Found a staircase to the Slime Pits.
 24114 | D:11     | Found a basalt altar of Yredelemnul.
 24255 | D:11     | Reached skill level 9 in Evocations
 24478 | D:10     | Bought the +8 mace of Brutal Revenge {drain, Dex+3} for 821 gold pieces
 24795 | D:12     | Found a staircase to the Orcish Mines.
 24795 | D:12     | Found Joij's Weapon Emporium.
 25000 | D:12     | Reached skill level 10 in Evocations
 25357 | D:12     | Found a burning altar of Makhleb.
 25725 | D:13     | Found Ejovik's Book Emporium.
 25753 | D:13     | Reached skill level 11 in Fighting
 26265 | Orc:1    | Entered Level 1 of the Orcish Mines
 26340 | Orc:2    | Entered Level 2 of the Orcish Mines
 26340 | Orc:2    | Found a frozen archway.
 26450 | IceCv    | Entered an ice cave
 26450 | IceCv    | HP: 32/128 [poisoned by an orc warrior]
 26456 | IceCv    | HP: 29/129 [poisoned by an orc warrior]
 26462 | IceCv    | HP: 27/129 [poisoned by an orc warrior]
 26467 | IceCv    | HP: 27/129 [poisoned by an orc warrior]
 26474 | IceCv    | HP: 27/129 [poisoned by an orc warrior]
 26482 | IceCv    | HP: 27/129 [poisoned by an orc warrior]
 27134 | IceCv    | Found an ancient bone altar of Kikubaaqudgha.
 27756 | Orc:1    | Learned a level 6 spell: Freezing Cloud
 27911 | Orc:1    | Reached skill level 16 in Maces & Flails
 28461 | Orc:2    | Reached skill level 1 in Ice Magic
 28639 | Orc:1    | Reached skill level 2 in Ice Magic
 29089 | Orc:2    | Reached skill level 3 in Ice Magic
 29299 | Orc:2    | Found Nafeisyl's General Store.
 29299 | Orc:2    | Found Metiotzu's Assorted Antiques.
 29303 | Orc:2    | Found Kavul's Armour Emporium.
 29304 | Orc:2    | Found Usheump's General Store.
 29311 | Orc:2    | Bought a glowing cloak for 112 gold pieces
 29311 | Orc:2    | Bought a scroll labeled COUMUT TAUTT for 25 gold pieces
 29340 | Orc:2    | Bought the cursed +0 pair of gloves of Keemajo {rElec rF++ Stlth-} for 442 gold pieces
 29443 | Orc:2    | Reached skill level 4 in Ice Magic
 29632 | Orc:2    | Found a staircase to the Elven Halls.
 29970 | D:14     | Reached skill level 5 in Ice Magic
 30320 | D:14     | Reached skill level 6 in Ice Magic
 30320 | D:14     | Reached XP level 16. HP: 111/137 MP: 22/22
 30475 | D:14     | Found a gate to the Vaults.
 30576 | D:14     | Reached skill level 7 in Ice Magic
 30891 | D:15     | Entered Level 15 of the Dungeon
 30901 | D:15     | Found an ancient bone altar of Kikubaaqudgha.
 31056 | D:15     | Reached skill level 8 in Ice Magic
 31091 | D:15     | Found a staircase to the Depths.
 31595 | D:15     | Reached skill level 9 in Ice Magic
 31678 | D:15     | Noticed Louise
 31689 | D:15     | Killed Louise
 31950 | D:15     | Reached skill level 10 in Ice Magic
 32213 | Swamp:1  | Entered Level 1 of the Swamp
 32715 | Swamp:1  | HP: 26/137 [giant leech (10)]
 33126 | Swamp:1  | Reached skill level 11 in Ice Magic
 33632 | Swamp:2  | Noticed Aizul
 33659 | Swamp:1  | HP: 34/137 [poisoned by Aizul (bolt of poison)]
 33664 | Swamp:1  | HP: 7/137 [Aizul/poison arrow (20)]
 33671 | Swamp:1  | Killed Aizul
 34460 | Swamp:1  | Reached skill level 12 in Ice Magic
 34954 | Swamp:2  | HP: 34/138 [hornet (15)]
 34964 | Swamp:2  | HP: 34/138 [alligator (2)]
 35364 | Swamp:2  | Noticed a thorn hunter
 35386 | Swamp:2  | HP: 33/138 [thorn hunter/volley of thorns (27)]
 35391 | Swamp:2  | Killed a thorn hunter
 35474 | Swamp:2  | Noticed a thorn hunter
 35501 | Swamp:2  | HP: 13/138 [thorn hunter/volley of thorns (46)]
 35507 | Swamp:2  | Noticed a thorn hunter
 35752 | Swamp:2  | Killed a thorn hunter
 35752 | Swamp:2  | Reached skill level 13 in Ice Magic
 36467 | Swamp:2  | Killed a thorn hunter
 36798 | Swamp:3  | Noticed Jorgrun
 36819 | Swamp:3  | Killed Jorgrun
 36954 | Swamp:3  | Noticed CosmicAfro's ghost (adept DEFE)
 37380 | Swamp:3  | Reached XP level 17. HP: 92/144 MP: 23/23
 37542 | Swamp:2  | Reached skill level 14 in Ice Magic
 38001 | Swamp:3  | HP: 35/144 [six-headed hydra (12)]
 38002 | Swamp:3  | HP: 17/144 [six-headed hydra (8)]
 38002 | Swamp:3  | HP: 5/144 [six-headed hydra (12)]
 38020 | Swamp:3  | HP: 26/144 [CosmicAfro's ghost/zap (2)]
 39033 | Swamp:3  | Reached skill level 12 in Fighting
 39246 | Swamp:4  | Entered Level 4 of the Swamp
 39495 | Swamp:4  | Reached skill level 15 in Long Blades
 39801 | Swamp:3  | Killed CosmicAfro's ghost
 40842 | Swamp:4  | Reached skill level 13 in Fighting
 40970 | Swamp:4  | Identified the Incunabulum of Damaging Weightlessness
 41824 | Swamp:4  | Reached skill level 16 in Long Blades
 41958 | Swamp:4  | Got a decaying rune of Zot
 42343 | Spider:1 | Entered Level 1 of the Spider Nest
 43634 | Spider:2 | Reached skill level 14 in Fighting
 43778 | Spider:2 | Noticed Arachne
 43781 | Spider:2 | HP: 36/152 [cloud of flame (4)]
 43782 | Spider:2 | HP: 10/152 [Arachne/poison arrow (24)]
 43787 | Spider:1 | HP: 10/152 [wolf spider (2)]
 43787 | Spider:1 | HP: 4/152 [wolf spider (6)]
 43793 | Spider:1 | HP: 22/154 [poisoned by Arachne (poison arrow)]
 43798 | Spider:1 | HP: 21/154 [poisoned by Arachne (poison arrow)]
 43805 | Spider:1 | HP: 22/154 [poisoned by Arachne (poison arrow)]
 43813 | Spider:1 | HP: 23/154 [poisoned by Arachne (poison arrow)]
 44196 | Spider:1 | Killed Arachne
 45030 | Spider:2 | Reached XP level 18. HP: 140/161 MP: 24/24
 45137 | Spider:2 | Identified the Almanac of Dislocation and Snow
 45355 | Spider:3 | Reached skill level 17 in Long Blades
 45367 | Spider:3 | HP: 39/161 [redback (6)]
 45876 | Spider:3 | Reached skill level 15 in Fighting
 46667 | Spider:4 | Entered Level 4 of the Spider Nest
 47040 | Spider:4 | HP: 36/163 [redback (12)]
 47524 | Spider:4 | HP: 41/166 [jumping spider/exploding inner flame[the player character] (6)]
 47527 | Spider:4 | HP: 20/166 [emperor scorpion (1)]
 47528 | Spider:4 | HP: 6/166 [cloud of flame (6)]
 47532 | Spider:4 | Mangled by an emperor scorpion

Skill      XL: |  1  2  3  4  5  6  7  8  9 10 11 12 13 14 15 16 17 18 |
---------------+-------------------------------------------------------+-----
Fighting       | 4 5 7 10 11 14 15 | 15.8
Staves         | 2 5 6 |  6.1
Long Blades    | 6 10 14 16 17 | 17.9
Shields        | 4 8 |  8.7
Maces & Flails | 3 12 15 16 | 16.0
Armour         | 5 11 | 11.2
Dodging        | 3 12 | 12.4
Evocations     | 6 10 | 10.0
Ice Magic      | 6 13 14 | 14.3

Action                   |  1- 3 |  4- 6 |  7- 9 | 10-12 | 13-15 | 16-18 || total
-------------------------+-------+-------+-------+-------+-------+-------++-------
Melee: Long sword        |   116 |    38 |   214 |   497 |  1387 |  1435 ||  3687
       Headbutt          |    14 |    22 |    31 |   143 |   554 |   483 ||  1247
       Quarterstaff      |       |    42 |     3 |       |       |       ||    45
       Flail             |       |       |     1 |    48 |    36 |   219 ||   304
       Mace              |       |       |       |       |   432 |    51 ||   483
Evoke: Rod               |       |       |     2 |    18 |    64 |    87 ||   171
       Wand              |       |       |       |       |    10 |    34 ||    44
       Phial of floods   |       |       |       |       |     2 |     5 ||     7
       Stone of tremors  |       |       |       |       |     1 |     3 ||     4
       Fan of gales      |       |       |       |       |       |     5 ||     5
       Disc of storms    |       |       |       |       |       |     8 ||     8
       Lamp of fire      |       |       |       |       |       |     2 ||     2
       Phantom mirror    |       |       |       |       |       |     1 ||     1
  Use: Potion            |       |     4 |       |       |     3 |    16 ||    23
       Scroll            |       |     3 |       |    13 |    17 |    20 ||    53
 Stab: Sleeping          |       |       |     1 |    13 |       |       ||    14
       Distracted        |       |       |       |     1 |     2 |     1 ||     4
       Paralysed         |       |       |       |       |       |     2 ||     2
       Confused          |       |       |       |       |       |     2 ||     2
  Eat: Chunk             |     2 |       |     6 |    21 |    46 |    13 ||    88
       Meat ration       |       |     1 |       |       |     1 |     5 ||     7
       Bread ration      |       |       |     2 |     1 |     2 |     5 ||    10
       Beef jerky        |       |       |       |       |       |     2 ||     2
       Pizza             |       |       |       |       |       |     1 ||     1
Armor: Scale mail        |    76 |    14 |       |       |       |       ||    90
       Leather armour    |       |    28 |    74 |    85 |    11 |       ||   198
       Chain mail        |       |       |       |       |   433 |   768 ||  1201
Dodge: Dodged            |    65 |    49 |    92 |   217 |  1075 |  1340 ||  2838
Block: Buckler           |       |       |     1 |   167 |   768 |   866 ||  1802
       Reflection        |       |       |       |     2 |    40 |    18 ||    60

Vault maps used:
D:1:      minmay_arrival_arboretum_small, columned_hall_lemuel,
          hex_intersection, st_stairs_9, serial_bayou_crossing
D:2:      minmay_misc_feat_columns
D:3:      gammafunk_temple_overflow_pools, nicolae_overflow_crystal_walls,
          first_bread, serial_bayou_pond_d, grunt_ministairs_8,
          minmay_mini_jars, uniq_crazy_yiuf_cottage
D:4:      okawaru_gym_becter, serial_shops, kennysheep_little_box
D:5:      minmay_temple_entry_butterflies, st_stairs_11
D:6:      uniq_eustachio
D:7:      nemelex_xobeh_ov_fountains_minmay
D:8:      overflow_temple_1_default, nicolae_dithmenos_the_darkroom,
          serial_shops, kennysheep_mini
D:9:      minmay_statue_hallways, dpeg_oklobed_lair, grunt_ogre_cave
D:10:     serial_shops, nicolae_shop_window_shopping, shop,
          nicolae_shop_statue_plus, nicolae_shop_stone
D:11:     lemuel_mausoleum_altar_yredelemnul
D:12:     orc_david_3, basic_altar
D:13:     serial_shops, shop
D:14:     david_vaults_1, serial_park_square3, serial_bayou,
          serial_bayou_lake_a, serial_bayou_pond_a, serial_bayou_pond_c,
          serial_bayou_pond_e
D:15:     grunt_enter_depths_giant_problem, basic_altar, eino_curves_03,
          nicolae_looking_at_the_future, uniq_louise
Lair:1:   uniq_joseph
Lair:2:   kennysheep_rathole, fungi_pond_lemuel, lemuel_fruit_tree,
          grunt_megastairs_2
Lair:3:   nicolae_swamp_entry_splash_gauntlet, beast_lair_carwin_1
Lair:4:   serial_bayou_shore_a, uniq_harold, uniq_nergalle, uniq_urug
Lair:5:   spider_nest_entry_webs, st_stairs_8, grunt_megastairs_5
Lair:6:   minivault_19
Lair:7:   st_stairs_8, small_statue_intersection, hangedman_lair_generics_rect,
          bh_autumn_forest_stairs
Lair:8:   minmay_lair_end_frog_pond, slime_altar_1, kennysheep_basilisk_garden
Swamp:1:  evilmike_swamp_ruin_house_1
Swamp:2:  evilmike_swamp_ruin_house_4, swamp_pool1, statue_in_the_mist_lemuel,
          uniq_aizul
Swamp:3:  nicolae_swamp_orc_logging_accident, infiniplex_staircase_pool,
          uniq_jorgrun
Swamp:4:  swamp_fiery
Spider:2: hangedman_spider_tarantella_strand, uniq_arachne
Spider:4: grunt_spider_rune_parallel
Orc:2:    st_orc_rangers, portal_ice_cave_entry_pillars_02
IceCv:    ice_cave_small_necro

Table legend:
 A = Turns spent in this place as a percentage of turns spent in the entire game.
 B = Non-inter-level travel turns spent in this place as a percentage of non-inter-level travel turns spent in the entire game.
 C = Inter-level travel turns spent in this place as a percentage of turns spent in this place.
 D = Turns resting spent in this place as a percentage of non-inter-level travel turns spent in this place.
 E = Turns spent auto-exploring this place as a percentage of non-inter-level travel turns spent in this place.
 F = Non-inter-level travel turns spent in this place divided by the number of levels of this place that you've seen.
                   A       B       C       D       E      F
               +-------+-------+-------+-------+-------+----------------------
         Total | 100.0 | 100.0 |   0.5 |   3.5 |   8.1 | 391.6
       Dungeon |  32.9 |  32.8 |   0.7 |   2.4 |  12.3 | 291.1
          Lair |  30.7 |  30.7 |   0.5 |   3.6 |   6.2 | 511.2
         Swamp |  17.3 |  17.4 |   0.2 |   6.0 |   4.4 | 579.2
   Spider Nest |   9.9 |   9.9 |   0.4 |   3.7 |   5.9 | 329.8
  Orcish Mines |   5.6 |   5.6 |   0.5 |   2.2 |  14.6 | 370.5
      Ice Cave |   3.6 |   3.6 |   0.0 |   3.1 |   2.3 | 482.0
               +-------+-------+-------+-------+-------+----------------------

Table legend:
 A = Kills in this place as a percentage of kills in entire the game.
 B = Kills by you in this place as a percentage of kills by you in the entire game.
 C = Kills by friends in this place as a percentage of kills by friends in the entire game.
 D = Other kills in this place as a percentage of other kills in the entire game.
 E = Experience gained in this place as a percentage of experience gained in the entire game.
 F = Experience gained in this place divided by the number of levels of this place that you have seen.
                   A       B       C       D       E      F
               +-------+-------+-------+-------+-------+----------------------
         Total | 100.0 | 100.0 | 100.0 | 100.0 | 100.0 | 9636.0
       Dungeon |  33.3 |  33.4 |  38.9 |  20.0 |  17.7 | 3865.9
          Lair |  30.0 |  30.3 |  22.2 |   0.0 |  30.1 | 12346.6
         Swamp |  13.2 |  13.0 |  22.2 |  20.0 |  26.2 | 21424.0
   Spider Nest |  12.1 |  12.1 |  16.7 |   0.0 |  19.9 | 16309.2
  Orcish Mines |   7.6 |   7.3 |   0.0 |  60.0 |   4.1 | 6674.0
      Ice Cave |   3.8 |   3.9 |   0.0 |   0.0 |   2.0 | 6583.0
               +-------+-------+-------+-------+-------+----------------------
